 Dungeon Crawl Stone Soup version 0.30.1-11-g7821555f0a (webtiles) character file.

Game seed: 4809681809308813104

826 comborobin the Trooper (level 7, -8/47 HPs)
             Began as a Gargoyle Delver on Dec 24, 2023.
             Killed from afar by an orc wizard (14 damage)
             ... with a puff of flame
             ... on level 6 of the Dungeon.
             The game lasted 00:03:00 (3280 turns).

comborobin the Trooper (Gargoyle Delver)            Turns: 3280, Time: 00:03:00

Health: -8/47      AC: 12    Str: 18    XL:     7   Next: 96%
Magic:  7/7        EV: 11    Int: 10    God:
Gold:   283        SH:  0    Dex: 11    Spells: 6/6 levels left

rFire   . . .        f - +2 dagger (elec)
rCold   . . .        (no shield)
rNeg    + . .        q - +0 ring mail
rPois   ∞            o - +0 helmet
rElec   +            v - +0 cloak
rCorr   .            (no gloves)
SInv    .            j - +0 pair of boots
Will    .....        (no amulet)
Stlth   ++           l - ring of flight
HPRegen 0.27/turn    (no ring)
MPRegen 0.10/turn

%: no passive effects
@: flying, hasted, very quick
A: sickness immunity, AC +4, negative energy resistance 1, electricity
resistance, torment resistance 1, petrification resistance
a: no special abilities


You were on level 6 of the Dungeon.
You visited 1 branch of the dungeon, and saw 5 of its levels.

You collected 283 gold pieces.

Inventory:

Hand Weapons
 a - a +0 mace
 f - a +2 dagger of electrocution (weapon)
 h - a +2 whip of holy wrath
 i - a +0 executioner's axe
 p - a +1 dagger of venom
Missiles
 d - a throwing net (quivered)
Armour
 b - a +0 leather armour
 j - a +0 pair of boots (worn)
 o - a +0 helmet (worn)
 q - a +0 ring mail (worn)
 v - a +0 cloak (worn)
 w - a +0 buckler
Jewellery
 l - a ring of flight (left hand)
 n - an amulet of faith
 u - a ring of ice
Wands
 g - a wand of digging (2)
Scrolls
 c - a scroll of fog
 e - 2 scrolls of identify {unknown}
 m - a scroll of immolation {unknown}
 r - 2 scrolls of enchant weapon {unknown}
 s - a scroll of blinking {unknown}
 t - 3 scrolls of poison {unknown}
Potions
 x - a potion of degeneration {unknown}
 z - a potion of attraction {unknown}
 A - a potion of brilliance {unknown}
 B - a potion of mutation {unknown}


   Skills:
 + Level 6.7 Fighting
 - Level 5.2 Short Blades
 - Level 2.7 Maces & Flails
 - Level 2.1 Dodging
 - Level 5.9 Stealth


You had 6 spell levels left.
You didn't know any spells.
Your spell library contained the following spells:

 Spells                   Type           Power      Damage    Failure   Level
 Stone Arrow              Conj/Erth      0%         3d7       90%         3
 Anguish                  Hex/Necr       0%         N/A       100%        4
 Animate Armour           Summ/Erth      0%         N/A       100%        4
 Borgnjor's Vile Clutch   Necr/Erth      0%         N/A       100%        5
 Infestation              Necr           0%         N/A       100%        8
 Lehudib's Crystal Spear  Conj/Erth      0%         10d2      100%        8


Dungeon Overview and Level Annotations

Branches:
Dungeon (6/15)
 Temple: D:4-7

Altars:
Ashenzari
Makhleb
Xom
Zin
The Shining One

Shops:
D:3 [


Innate Abilities, Weirdness & Mutations

You are immune to sickness and miasma.
Your stone body is resilient. (AC +4)
You are immune to poison.
You resist negative energy. (rN+)
You are resistant to electric shocks. (rElec)
You are resistant to unholy torment.
You are immune to petrification.


Message History

You hit the orc.
The orc is moderately wounded.
You hit the orc. Lightning courses through the orc!
You kill the orc!
You hit something but do no damage. You miss something.
You hear some strange, mumbled words.
You are confused.
You hit something.
You bump into the rock wall.
Something hits you but does no damage.
You bump into the rock wall.
You're too confused to move!
Something hits you.
You hit something but do no damage.
You bump into the rock wall.
Something hits you.
You bump into the rock wall.
You hear some strange, mumbled words.
A magic dart appears from out of thin air!
The magic dart hits you!
* * * LOW HITPOINT WARNING * * *
You bump into the rock wall.
You bump into the rock wall.
Something hits you.
* * * LOW HITPOINT WARNING * * *
You closely miss something. Something hits you but does no damage.
You barely miss something.
You feel less confused.
You barely miss something. Something hits you but does no damage.
You closely miss something. You completely miss something.
You hear some strange, mumbled words.
A magic dart appears from out of thin air!
The magic dart hits you but does no damage.
You miss something. You hit something. You barely miss something.
Something hits you but does no damage.
You miss something. You hit something.
You hear some strange, mumbled words.
A puff of flame appears from out of thin air!
The puff of flame hits you!
You die...

# # #.
#.#.#########
#...)...)...#######
#.#................
#########.#######
#o# ...# #{####
#...# #@##.. ....#
#.##.# #...# #..#.#
#...# #..#.# #...#
#.)#.####..[#
#...........#
##...####..##
#.#.#.....#
#.#.#.##..#


You could see an orc.

Vanquished Creatures
  Duvessa (D:5)
  An ogre (D:5)
  3 scorpions
  Dowan (D:5)
  A crimson imp (D:3)
  2 jellies (D:5)
  A hound (D:5)
  2 orc priests
  2 sleepcaps
  Robin (D:3)
  6 gnolls
  5 adders
  A dart slug (D:3)
  10 orcs
  4 ball pythons
  3 endoplasms
  A giant cockroach (D:2)
  12 goblins
  4 hobgoblins
  5 kobolds
  A quokka (D:2)
  3 bats
  A frilled lizard (D:3)
  2 rats
73 creatures vanquished.

Notes
Turn   | Place    | Note
-------+----------+-------------------------------------------
     0 | D:5      | comborobin the Gargoyle Delver began the quest for the Orb.
     0 | D:5      | Reached XP level 1. HP: 14/14 MP: 1/1
     4 | D:5      | Noticed a scorpion
    11 | D:5      | Noticed a sleepcap
    13 | D:5      | Noticed a jelly
    19 | D:5      | Noticed a hound
    39 | D:5      | Noticed a scorpion
    50 | D:3      | Found Buekaicewi's Antique Armour Emporium.
    64 | D:2      | Killed a scorpion
    65 | D:2      | Reached XP level 2. HP: 13/20 MP: 2/2
    65 | D:2      | Reached XP level 3. HP: 16/24 MP: 3/3
    65 | D:2      | Reached XP level 4. HP: 20/29 MP: 4/4
   431 | D:3      | Reached skill level 1 in Short Blades
   572 | D:3      | Reached XP level 5. HP: 30/33 MP: 5/5
   789 | D:3      | Found a broken altar of Ashenzari.
  1054 | D:3      | Found a shimmering altar of Xom.
  1054 | D:3      | Found a burning altar of Makhleb.
  1341 | D:3      | Noticed Robin
  1364 | D:3      | Killed Robin
  1755 | D:4      | Found a glowing golden altar of the Shining One.
  1935 | D:4      | Reached XP level 6. HP: 31/38 MP: 6/6
  2181 | D:4      | Found a glowing silver altar of Zin.
  2566 | D:5      | Reached skill level 5 in Short Blades
  2582 | D:5      | Reached XP level 7. HP: 39/42 MP: 7/7
  2610 | D:5      | Reached skill level 4 in Fighting
  2656 | D:5      | Noticed Dowan
  2658 | D:5      | Noticed Duvessa
  2662 | D:5      | Reached skill level 5 in Fighting
  2672 | D:5      | Killed Duvessa
  2679 | D:5      | Killed Dowan
  2680 | D:5      | Reached skill level 6 in Fighting
  2992 | D:5      | Got the Book of the Hidden Vale
  3280 | D:6      | Killed from afar by an orc wizard

Illustrated notes

Levels and vault maps discovered:
D:2:      layout_basic, minmay_vboxes, uniq_sigmund
D:3:      layout_loops_ring, nicolae_ashenzari_panopticon,
          grunt_temple_overflow_champion_of_chaos, serial_shops, shop,
          minivault_11, hangedman_decor_growths, kennysheep_path_1,
          kennysheep_generic_room_15, uniq_robin
D:4:      layout_loops_ring, general_overflow_altar, tso_altar,
          minmay_tree_intersection
D:5:      layout_rooms, uniq_duvessa
D:6:      layout_basic, mainiacjoe_overflow_alcove_4, guppyfry_shop_venom,
          uniq_prince_ribbit1

Skill      XL: |  1  2  3  4  5  6  7 |
---------------+----------------------+-----
Dodging        | 2 |  2.1
Short Blades   | 2 3 5 |  5.2
Fighting       | 6 |  6.7
Maces & Flails | |  2.7
Stealth        | |  5.9

Action                     |  1- 3 |  4- 6 |  7- 9 || total
---------------------------+-------+-------+-------++-------
  Melee: Dagger            |     3 |   197 |    67 ||   267
         Punch             |       |     2 |     1 ||     3
  Evoke: Wand              |     1 |       |       ||     1
    Use: Potion            |     1 |     3 |     1 ||     5
         Scroll            |     1 |     1 |       ||     2
   Stab: Sleeping          |       |    10 |       ||    10
 Armour: Leather armour    |     3 |    33 |       ||    36
         Ring mail         |       |    39 |    21 ||    60
  Dodge: Dodged            |    10 |   117 |    20 ||   147
